[Event "Turkish Club Cup 2019"]
[Site "Konya"]
[Date "2019.07.17"]
[Round "3"]
[White "Mecit, Emre"]
[Black "Cakiroglu, Metin"]
[Result "1/2-1/2"]
[ECO "B04"]
[WhiteElo "2065"]
[BlackElo "1970"]
[Annotator "NA"]
[PlyCount "103"]
[EventDate "2019.07.16"]
[EventType "team-tourn"]
[EventCountry "TUR"]
[SourceTitle "playchess.com"]
[Source "ChessBase"]
[SourceQuality "1"]
[TimeControl "5400+30"]

1. e4 Nf6 2. e5 Nd5 3. Nf3 d6 4. d4 dxe5 5. Nxe5 c6 6. Bd3 Nd7 7. Nf3 N7f6 8. h3 Nb4 9. Bc4 Bf5 10. Bb3 e6 11. O-O Be7 12. a3 Nbd5 13. c4 Nb6 14. Qe2 O-O 15. Rd1 Nfd7 16. Nc3 c5 17. dxc5 Bxc5 18. Na4 Qc7 19. Nxc5 Nxc5 20. Ba2 Rfd8 21. Be3 Bd3 22. Qe1 Bxc4 23. Bxc4 Rxd1 24. Rxd1 Nxc4 25. Bxc5 Qxc5 26. Qc3 Qc8 27. Ng5 h6 28. Nxf7 Kxf7 29. Rc1 b5 30. b3 Qc6 31. bxc4 bxc4 32. Qxc4 Qxc4 33. Rxc4 a5 34. g3 Ra7 35. Kg2 Ke7 36. h4 Kd6 37. Kf3 Kd5 38. Rg4 Rc7 39. Ra4 Rc3+ 40. Ke2 Rc5 41. Kd3 e5 42. Rg4 Rb5 43. Rxg7 Rb3+ 44. Ke2 Rxa3 45. Rg6 Rc3 46. Rxh6 a4 47. Ra6 a3 48. h5 Kc4 49. h6 Kb3 50. g4 Rh3 51. Rb6+ Kc2 52. Rc6+ 1/2-1/2

[Event "Turkish Club Cup 2019"]
[Site "Konya"]
[Date "2019.07.17"]
[Round "3"]
[White "Kocyigit, Buse Naz"]
[Black "Olmez, Sude"]
[Result "1-0"]
[ECO "D24"]
[WhiteElo "2045"]
[BlackElo "1180"]
[Annotator "NA"]
[PlyCount "55"]
[EventDate "2019.07.16"]
[EventType "team-tourn"]
[EventCountry "TUR"]
[SourceTitle "playchess.com"]
[Source "ChessBase"]
[SourceQuality "1"]
[TimeControl "5400+30"]

1. d4 d5 2. Nf3 Bf5 3. c4 dxc4 4. e3 e6 5. Bxc4 Nf6 6. Nc3 Nbd7 7. O-O Bb4 8. Qb3 Bxc3 9. bxc3 Nb6 10. Ba3 Nxc4 11. Qxc4 Be4 12. Nd2 Bc6 13. Qd3 Nd5 14. c4 Ne7 15. e4 O-O 16. f4 b6 17. f5 exf5 18. exf5 Re8 19. f6 Ng6 20. d5 Bd7 21. fxg7 Kxg7 22. Bb2+ Kg8 23. Qc3 Ne5 24. Qg3+ Ng6 25. Bf6 Qc8 26. Qg5 Kf8 27. Qh6+ Kg8 28. Qg7# 1-0

[Event "Turkish Club Cup 2019"]
[Site "Konya"]
[Date "2019.07.17"]
[Round "3"]
[White "Guner, Bulent"]
[Black "Eroz, Enis"]
[Result "1-0"]
[ECO "E12"]
[WhiteElo "1979"]
[BlackElo "1618"]
[Annotator "NA"]
[PlyCount "62"]
[EventDate "2019.07.16"]
[EventType "team-tourn"]
[EventCountry "TUR"]
[SourceTitle "playchess.com"]
[Source "ChessBase"]
[SourceQuality "1"]
[TimeControl "5400+30"]

1. d4 Nf6 2. Nf3 e6 3. c4 b6 4. a3 Bb7 5. Nc3 d5 6. cxd5 exd5 7. g3 a6 8. Bf4 Bd6 9. Bxd6 Qxd6 10. Bg2 Nbd7 11. O-O O-O 12. Qc2 Rfe8 13. Rfd1 h6 14. Rac1 Rac8 15. e3 Red8 16. Nh4 Qe6 17. Ne2 g5 18. Nf5 h5 19. h3 Ne4 20. g4 Ndf6 21. Bf3 c5 22. dxc5 bxc5 23. Qd3 Qe5 24. b3 Kh8 25. Neg3 h4 26. Nxe4 dxe4 27. Qxd8+ Rxd8 28. Rxd8+ Kh7 29. Bg2 Kg6 30. Rcd1 Qe6 31. R1d6 Qxb3 1-0

[Event "Turkish Club Cup 2019"]
[Site "Konya"]
[Date "2019.07.17"]
[Round "3"]
[White "Kul, Ozdemir Efe"]
[Black "Eren, Yusuf Kemal"]
[Result "1-0"]
[ECO "A36"]
[WhiteElo "1974"]
[BlackElo "1858"]
[Annotator "NA"]
[PlyCount "97"]
[EventDate "2019.07.16"]
[EventType "team-tourn"]
[EventCountry "TUR"]
[SourceTitle "playchess.com"]
[Source "ChessBase"]
[SourceQuality "1"]
[TimeControl "5400+30"]

1. c4 Nf6 2. Nc3 g6 3. e4 d6 4. g3 Bg7 5. Bg2 O-O 6. Nge2 c5 7. h3 Nc6 8. O-O a6 9. d3 Rb8 10. b3 b5 11. Be3 b4 12. Na4 Nd7 13. d4 cxd4 14. Nxd4 Bb7 15. Qd2 Nf6 16. Rad1 Qa5 17. Nc2 Nd7 18. f4 Rbd8 19. Qf2 Rc8 20. e5 Qc7 21. Nb6 Nxb6 22. Bxb6 Qb8 23. exd6 exd6 24. Bxc6 Bxc6 25. Nxb4 Bf3 26. Ba7 Qxb4 27. Qxf3 Rfe8 28. f5 gxf5 29. Qxf5 Qb7 30. Bd4 Re2 31. Rf2 Rce8 32. Qg4 f5 33. Qxg7+ Qxg7 34. Bxg7 Kxg7 35. Rxd6 Re1+ 36. Kg2 Rc1 37. Rd5 Ree1 38. Rdxf5 Rg1+ 39. Kf3 Rc3+ 40. Ke4 Rgxg3 41. R5f3 Rxh3 42. Rg2+ Kh6 43. Rxh3+ Rxh3 44. c5 Rc3 45. Kd4 Rc1 46. b4 Kh5 47. a4 Rb1 48. Kc3 h6 49. c6 1-0

[Event "Turkish Club Cup 2019"]
[Site "Konya"]
[Date "2019.07.17"]
[Round "3"]
[White "Salman, Ilhan Serhat"]
[Black "Unlu, Ahmet Berkin"]
[Result "1-0"]
[ECO "E60"]
[WhiteElo "1950"]
[BlackElo "1806"]
[Annotator "NA"]
[PlyCount "117"]
[EventDate "2019.07.16"]
[EventType "team-tourn"]
[EventCountry "TUR"]
[SourceTitle "playchess.com"]
[Source "ChessBase"]
[SourceQuality "1"]
[TimeControl "5400+30"]

1. Nf3 Nf6 2. b3 d6 3. d4 g6 4. Bb2 Bg7 5. g3 O-O 6. Bg2 c6 7. O-O Bg4 8. c4 Bxf3 9. Bxf3 d5 10. cxd5 cxd5 11. Nc3 Na6 12. Rc1 Qd7 13. Ba3 Rfd8 14. e3 Rac8 15. Qd3 Nc7 16. Rc2 Bf8 17. Rfc1 e6 18. Bxf8 Kxf8 19. Na4 Na6 20. Qd2 Ne4 21. Bxe4 dxe4 22. Nc5 Nxc5 23. Rxc5 Rxc5 24. Rxc5 b6 25. Rc4 Rc8 26. d5 Rxc4 27. bxc4 exd5 28. cxd5 Qa4 29. Kg2 Ke7 30. Qc3 f6 31. Qc7+ Qd7 32. Qb8 b5 33. Qg8 Kd6 34. Qf8+ Kxd5 35. Qxf6 Kc4 36. Qe5 Kd3 37. Qb2 Kc4 38. Qc2+ Kd5 39. Qc3 Ke6 40. Qc2 Qb7 41. Qb3+ Qd5 42. Qa3 Qb7 43. Qb4 Qc6 44. Qf8 a5 45. Qg8+ Kd6 46. Qd8+ Ke5 47. Qxa5 Kf6 48. Qd8+ Kg7 49. Qe7+ Kg8 50. a3 Qd5 51. Qb4 Qc6 52. Qe7 Qd5 53. h4 Qc6 54. g4 Qd5 55. Kg3 Qc6 56. Kf4 Qc2 57. Kg5 Qxf2 58. Kh6 Qf7 59. Qxf7+ 1-0

[Event "Turkish Club Cup 2019"]
[Site "Konya"]
[Date "2019.07.17"]
[Round "3"]
[White "Oz, Ozan"]
[Black "Ozates, Mert"]
[Result "1/2-1/2"]
[ECO "B13"]
[WhiteElo "1923"]
[BlackElo "1758"]
[Annotator "NA"]
[PlyCount "72"]
[EventDate "2019.07.16"]
[EventType "team-tourn"]
[EventCountry "TUR"]
[SourceTitle "playchess.com"]
[Source "ChessBase"]
[SourceQuality "1"]
[TimeControl "5400+30"]

1. d4 Nf6 2. Bf4 d5 3. e3 c5 4. Nc3 cxd4 5. exd4 a6 6. Bd3 Nc6 7. Nge2 Bg4 8. f3 Bh5 9. g4 Bg6 10. h4 e6 11. h5 Bxd3 12. Qxd3 h6 13. O-O-O Bd6 14. Qe3 Na5 15. b3 Qc7 16. g5 Bxf4 17. Nxf4 hxg5 18. Nfxd5 Nxd5 19. Nxd5 Qd6 20. c4 b5 21. h6 Rxh6 22. Rxh6 gxh6 23. Nf6+ Kf8 24. c5 Qh2 25. Rd2 Qg3 26. Nh5 Qc7 27. Qe4 Qc6 28. Qh7 Qxf3 29. Qxh6+ Ke8 30. Qxg5 Qh1+ 31. Rd1 Qf3 32. Nf6+ Kf8 33. Ng8 Nxb3+ 34. axb3 Qc3+ 35. Kb1 Qxb3+ 36. Kc1 Qc3+ 1/2-1/2

[Event "Turkish Club Cup 2019"]
[Site "Konya"]
[Date "2019.07.17"]
[Round "3"]
[White "Akbas, Umut Ata"]
[Black "Toren, Kadir"]
[Result "1-0"]
[ECO "C25"]
[WhiteElo "1912"]
[BlackElo "1736"]
[Annotator "NA"]
[PlyCount "89"]
[EventDate "2019.07.16"]
[EventType "team-tourn"]
[EventCountry "TUR"]
[SourceTitle "playchess.com"]
[Source "ChessBase"]
[SourceQuality "1"]
[TimeControl "5400+30"]

1. e4 e5 2. Nc3 Nc6 3. Bc4 Bc5 4. Qg4 g6 5. Qg3 Nf6 6. d3 Nh5 7. Qf3 O-O 8. Nge2 Kg7 9. Nd5 f5 10. Ng3 Nf6 11. Bg5 Nd4 12. Qd1 Be7 13. Nxe7 Qxe7 14. exf5 h6 15. Bd2 d5 16. Bb3 Nxf5 17. Nxf5+ Bxf5 18. O-O Rad8 19. Qe2 c5 20. Rae1 b5 21. a3 Rfe8 22. d4 cxd4 23. Qxb5 Rb8 24. Qa6 Rb6 25. Qa4 Bd7 26. Qxa7 Reb8 27. Bf4 R8b7 28. Rxe5 Qc5 29. Qa8 Rb8 30. Rxd5 Nxd5 31. Bxb8 Bc6 32. Be5+ Kf7 33. Qh8 Rxb3 34. cxb3 d3 35. Qg7+ Ke6 36. Bd4 Qc2 37. Re1+ Kd6 38. Qxg6+ Kc7 39. Qf7+ Kc8 40. Qh7 Nc7 41. Bc3 Nd5 42. Qxh6 Kc7 43. Qd2 Bb5 44. Qxc2 dxc2 45. Bd2 1-0

[Event "Turkish Club Cup 2019"]
[Site "Konya"]
[Date "2019.07.17"]
[Round "3"]
[White "Aydin, Ismail"]
[Black "Kiran, Seyit Kaan"]
[Result "1-0"]
[ECO "E55"]
[WhiteElo "1896"]
[BlackElo "1230"]
[Annotator "NA"]
[PlyCount "81"]
[EventDate "2019.07.16"]
[EventType "team-tourn"]
[EventCountry "TUR"]
[SourceTitle "playchess.com"]
[Source "ChessBase"]
[SourceQuality "1"]
[TimeControl "5400+30"]

1. d4 d5 2. Nf3 Nf6 3. c4 e6 4. Nc3 Bb4 5. e3 O-O 6. Bd3 Nbd7 7. O-O c5 8. Qe2 cxd4 9. exd4 dxc4 10. Bxc4 Nb6 11. Bb3 Bd7 12. Ne5 Rc8 13. Ne4 Bc6 14. Ng5 Bd5 15. Bc2 Bd6 16. Rd1 Qc7 17. Bd3 Nc4 18. Bf4 a6 19. Rac1 Qe7 20. Bxc4 Bxc4 21. Rxc4 Nd5 22. Rxc8 Rxc8 23. Qh5 h6 24. Nh3 Nxf4 25. Nxf4 Qf6 26. Nfd3 Rc2 27. Qf3 Qe7 28. Rc1 Rxc1+ 29. Nxc1 Bxe5 30. dxe5 Qb4 31. Qc3 Qb5 32. g3 Qd5 33. a3 g6 34. Nd3 Kg7 35. h4 Qe4 36. Nc5 Qd5 37. Qe3 Qd1+ 38. Kh2 Qc2 39. b4 a5 40. bxa5 Qa2 41. Nxb7 1-0

[Event "Turkish Club Cup 2019"]
[Site "Konya"]
[Date "2019.07.17"]
[Round "3"]
[White "Inan, Canberk"]
[Black "Ererdem, Gani Eren"]
[Result "1/2-1/2"]
[ECO "E12"]
[WhiteElo "1895"]
[BlackElo "2140"]
[Annotator "NA"]
[PlyCount "132"]
[EventDate "2019.07.16"]
[EventType "team-tourn"]
[EventCountry "TUR"]
[SourceTitle "playchess.com"]
[Source "ChessBase"]
[SourceQuality "1"]
[TimeControl "5400+30"]

1. d4 Nf6 2. Nf3 b6 3. c4 e6 4. a3 Ba6 5. Qc2 c5 6. d5 exd5 7. cxd5 g6 8. Nc3 Bg7 9. e4 Bxf1 10. Kxf1 d6 11. g3 O-O 12. Kg2 Re8 13. Bf4 Nh5 14. Bg5 Qd7 15. Qd3 a6 16. a4 Qc7 17. Nd2 Nd7 18. Nc4 Ne5 19. Nxe5 Bxe5 20. Rhe1 Bg7 21. Qd2 Nf6 22. e5 dxe5 23. Bxf6 Bxf6 24. d6 Qb7+ 25. Qd5 Ra7 26. f4 e4 27. Qxb7 Rxb7 28. Nxe4 Kg7 29. Re2 Bxb2 30. Rxb2 Rxe4 31. Rd1 Rd4 32. Rxd4 cxd4 33. Kf3 Kf6 34. Ke4 Ke6 35. Kxd4 Kxd6 36. g4 b5 37. Rb4 f6 38. h3 h6 39. Rb2 b4 40. a5 Rb5 41. Kc4 Rc5+ 42. Kd4 Rd5+ 43. Kc4 Rc5+ 44. Kd4 Rxa5 45. Rxb4 Rb5 46. Rc4 h5 47. Ra4 a5 48. gxh5 Rxh5 49. Ke4 Ke6 50. Ra3 Rb5 51. h4 Rc5 52. Kd4 Rh5 53. Ke3 Rc5 54. Kd4 Rb5 55. Ke3 Kf5 56. Kf3 Rc5 57. Kg3 Rb5 58. Kf3 a4 59. Rxa4 Rb3+ 60. Kg2 Re3 61. Ra6 Re4 62. Kg3 Re3+ 63. Kg2 Re6 64. Rxe6 Kxe6 65. Kf3 Kf5 66. Kg3 g5 1/2-1/2

[Event "Turkish Club Cup 2019"]
[Site "Konya"]
[Date "2019.07.17"]
[Round "3"]
[White "Guder, Serkan"]
[Black "Gundogdu, Mustafa Yalin"]
[Result "1-0"]
[ECO "B23"]
[WhiteElo "1872"]
[BlackElo "1651"]
[Annotator "NA"]
[PlyCount "55"]
[EventDate "2019.07.16"]
[EventType "team-tourn"]
[EventCountry "TUR"]
[SourceTitle "playchess.com"]
[Source "ChessBase"]
[SourceQuality "1"]
[TimeControl "5400+30"]

1. e4 c5 2. Nc3 d6 3. f4 g6 4. Nf3 Bg7 5. Bc4 Nc6 6. O-O e6 7. d3 Nge7 8. Qe1 O-O 9. f5 d5 10. Bb3 c4 11. dxc4 dxe4 12. f6 Bxf6 13. Nxe4 Bg7 14. Bg5 h6 15. Rd1 Qc7 16. Bf6 e5 17. c5 b6 18. Bxg7 Kxg7 19. Nd6 f6 20. Qg3 bxc5 21. Bf7 Bd7 22. Bxg6 Nd4 23. Be4+ Kh8 24. Rxd4 cxd4 25. Nxe5 fxe5 26. Nf7+ Rxf7 27. Rxf7 Rg8 28. Rh7# 1-0

[Event "Turkish Club Cup 2019"]
[Site "Konya"]
[Date "2019.07.17"]
[Round "3"]
[White "Kiziltas, Inanc Vefa"]
[Black "Orbay, Mert"]
[Result "1-0"]
[ECO "B12"]
[WhiteElo "1858"]
[BlackElo "1556"]
[Annotator "NA"]
[PlyCount "99"]
[EventDate "2019.07.16"]
[EventType "team-tourn"]
[EventCountry "TUR"]
[SourceTitle "playchess.com"]
[Source "ChessBase"]
[SourceQuality "1"]
[TimeControl "5400+30"]

1. e4 c6 2. d4 d5 3. e5 Bf5 4. g4 Bd7 5. Bd3 e6 6. h4 c5 7. c3 Nc6 8. Ne2 Qb6 9. Bc2 Rc8 10. Ba4 Be7 11. a3 a5 12. Bxc6 bxc6 13. Rh3 f6 14. g5 fxe5 15. dxe5 c4 16. Nf4 Bc5 17. Qh5+ Kd8 18. Qf7 Bxf2+ 19. Kf1 Ne7 20. Rf3 Bxh4 21. Nxe6+ Bxe6 22. Qxe6 Rc7 23. Nd2 Bxg5 24. Nxc4 Qb5 25. Bxg5 Qxc4+ 26. Kf2 Re8 27. Rf7 Qc5+ 28. Kg2 h6 29. Qd6+ Qxd6 30. exd6 hxg5 31. dxc7+ Kxc7 32. Rxg7 Kd6 33. Re1 a4 34. Rxg5 Rb8 35. Re2 Nc8 36. Rg8 Kc7 37. Kf3 Rb3 38. Rg4 Nb6 39. Rg7+ Kd6 40. Rg6+ Kd7 41. Rh2 Nc8 42. Rh7+ Ne7 43. Rgg7 Kd6 44. Rxe7 Rxb2 45. Ra7 Rb3 46. Rxa4 Rxc3+ 47. Ke2 c5 48. Rh6+ Ke5 49. Rh5+ Kd6 50. Ra6+ 1-0

[Event "Turkish Club Cup 2019"]
[Site "Konya"]
[Date "2019.07.17"]
[Round "3"]
[White "Basaran, Alp"]
[Black "Gulsoy, Mustafa Alpago"]
[Result "0-1"]
[ECO "C41"]
[WhiteElo "1857"]
[BlackElo "2069"]
[Annotator "NA"]
[PlyCount "82"]
[EventDate "2019.07.16"]
[EventType "team-tourn"]
[EventCountry "TUR"]
[SourceTitle "playchess.com"]
[Source "ChessBase"]
[SourceQuality "1"]
[TimeControl "5400+30"]

1. e4 d6 2. d4 Nf6 3. Nc3 e5 4. Nf3 Nbd7 5. g4 Nxg4 6. Rg1 Ngf6 7. Bc4 h6 8. Be3 c6 9. a4 a5 10. Qd2 Qc7 11. O-O-O b6 12. d5 Bb7 13. dxc6 Bxc6 14. Bd5 Bxd5 15. Nxd5 Nxd5 16. Qxd5 Rc8 17. Ne1 Qc6 18. Qxc6 Rxc6 19. b3 g6 20. Nd3 Bg7 21. Nb2 Ke7 22. Nc4 Rhc8 23. Na3 Nf6 24. f3 Rc3 25. Kd2 d5 26. Bxb6 dxe4 27. Bxa5 Rxf3 28. Bb4+ Ke6 29. Ke2 Nd5 30. Rxd5 Kxd5 31. Rd1+ Ke6 32. Nc4 Rh3 33. Rd6+ Kf5 34. Ne3+ Kg5 35. Bd2 Rxh2+ 36. Ke1 Kh5 37. Rd7 Bf6 38. Rxf7 Bh4+ 39. Kd1 Rd8 40. Nf1 Rhxd2+ 41. Nxd2 e3 0-1

[Event "Turkish Club Cup 2019"]
[Site "Konya"]
[Date "2019.07.17"]
[Round "3"]
[White "Yuksel, Davut Can"]
[Black "Atas, Yunus"]
[Result "0-1"]
[ECO "E60"]
[WhiteElo "1845"]
[BlackElo "1876"]
[Annotator "NA"]
[PlyCount "80"]
[EventDate "2019.07.16"]
[EventType "team-tourn"]
[EventCountry "TUR"]
[SourceTitle "playchess.com"]
[Source "ChessBase"]
[SourceQuality "1"]
[TimeControl "5400+30"]

1. d4 Nf6 2. c4 g6 3. Nf3 Bg7 4. g3 d6 5. Bg2 Nc6 6. h3 O-O 7. O-O e5 8. d5 Nb8 9. Nc3 Nbd7 10. e4 Nc5 11. Ne1 a5 12. Nd3 Nfd7 13. Be3 Nxd3 14. Qxd3 f5 15. Qd2 Nf6 16. Kh2 b6 17. Rac1 Rf7 18. b3 Qf8 19. f3 Nd7 20. Nb5 f4 21. gxf4 exf4 22. Bf2 Ne5 23. Nd4 Qe7 24. Ne6 Bxe6 25. dxe6 Qxe6 26. Qd5 Re8 27. Qxe6 Rxe6 28. Rcd1 Re8 29. Bd4 Nc6 30. Bxg7 Kxg7 31. h4 a4 32. Bh3 Ne5 33. Ra1 Kf6 34. Kg2 Ra8 35. Kf2 Rff8 36. Ke2 Ra7 37. Rfc1 axb3 38. axb3 Rfa8 39. Rxa7 Rxa7 40. Rc2 Nc6 0-1

[Event "Turkish Club Cup 2019"]
[Site "Konya"]
[Date "2019.07.17"]
[Round "3"]
[White "Benk, Tolga Tugay"]
[Black "Vursan, Emre Can"]
[Result "0-1"]
[ECO "D09"]
[WhiteElo "1844"]
[BlackElo "1714"]
[Annotator "NA"]
[PlyCount "56"]
[EventDate "2019.07.16"]
[EventType "team-tourn"]
[EventCountry "TUR"]
[SourceTitle "playchess.com"]
[Source "ChessBase"]
[SourceQuality "1"]
[TimeControl "5400+30"]

1. d4 d5 2. c4 e5 3. dxe5 d4 4. Nf3 Nc6 5. g3 Bf5 6. Bg2 Nb4 7. Na3 d3 8. Nh4 Nc2+ 9. Nxc2 dxc2 10. Qxd8+ Rxd8 11. Bd2 Be6 12. Bxb7 Bc5 13. Nf3 f6 14. Bc6+ Ke7 15. Rc1 fxe5 16. Rxc2 Nf6 17. e3 e4 18. Ng5 Bg4 19. h4 Rd6 20. Ba4 Rhd8 21. a3 h6 22. Nh3 Bf3 23. Rg1 a5 24. Nf4 c6 25. b4 Rxd2 26. Rxd2 Bxb4 27. Kf1 Rxd2 28. Nh3 Ra2 0-1

[Event "Turkish Club Cup 2019"]
[Site "Konya"]
[Date "2019.07.17"]
[Round "3"]
[White "Unlu, Alp Bugra"]
[Black "Gokcek, Kursat Bugra"]
[Result "0-1"]
[ECO "A08"]
[WhiteElo "1832"]
[BlackElo "2150"]
[Annotator "NA"]
[PlyCount "76"]
[EventDate "2019.07.16"]
[EventType "team-tourn"]
[EventCountry "TUR"]
[SourceTitle "playchess.com"]
[Source "ChessBase"]
[SourceQuality "1"]
[TimeControl "5400+30"]

1. Nf3 Nf6 2. g3 g6 3. Bg2 Bg7 4. O-O O-O 5. d3 d5 6. Nbd2 c5 7. e4 e6 8. c3 Nc6 9. Re1 a5 10. a4 Kh8 11. Qc2 Bd7 12. Nf1 d4 13. Bf4 Qe7 14. Ne5 Nh5 15. Nxd7 Qxd7 16. Bc1 Rad8 17. c4 e5 18. Qe2 Nb4 19. b3 Nf6 20. h3 Qc7 21. g4 Ne8 22. Ng3 Qe7 23. Kh2 Nc7 24. f4 exf4 25. Bxf4 Ne6 26. Rf1 Nxf4 27. Rxf4 Be5 28. Rf3 f5 29. gxf5 Rxf5 30. Raf1 Rdf8 31. Rxf5 gxf5 32. Qh5 Qg7 33. Qh4 f4 34. Kh1 fxg3 35. Rf5 Nxd3 36. Qh5 Rxf5 37. exf5 Qe7 38. Bf3 Bf6 0-1

[Event "Turkish Club Cup 2019"]
[Site "Konya"]
[Date "2019.07.17"]
[Round "3"]
[White "Gok, Emre"]
[Black "Sahinoglu, Hakan"]
[Result "1-0"]
[ECO "B33"]
[WhiteElo "1825"]
[BlackElo "1844"]
[Annotator "NA"]
[PlyCount "103"]
[EventDate "2019.07.16"]
[EventType "team-tourn"]
[EventCountry "TUR"]
[SourceTitle "playchess.com"]
[Source "ChessBase"]
[SourceQuality "1"]
[TimeControl "5400+30"]

1. e4 c5 2. Nf3 Nc6 3. d4 cxd4 4. Nxd4 Nf6 5. Nc3 e5 6. Ndb5 d6 7. Bg5 a6 8. Na3 b5 9. Nd5 Be7 10. Bxf6 Bxf6 11. c4 b4 12. Nc2 a5 13. g3 O-O 14. Bg2 Be6 15. O-O Rc8 16. b3 Bxd5 17. Qxd5 Nd4 18. Nxd4 exd4 19. Qh5 g6 20. Qd1 Qb6 21. Qd3 Bg7 22. f4 Rfe8 23. Rae1 Rc5 24. h3 Qd8 25. Rf2 Rc7 26. Rfe2 Rce7 27. Bf3 Qc7 28. Kh2 h5 29. g4 Bh6 30. g5 Bg7 31. Kh1 Qc8 32. Bg2 Qc7 33. Rc1 Qc5 34. Kh2 Rd8 35. Rf2 Ra7 36. Kh1 a4 37. Rcf1 axb3 38. axb3 Qc7 39. e5 dxe5 40. f5 e4 41. Bxe4 gxf5 42. Bd5 f4 43. Rxf4 Rxd5 44. cxd5 Ra1 45. Rxa1 Qxf4 46. Ra8+ Bf8 47. g6 Qc1+ 48. Kh2 Qf4+ 49. Kg2 Qg5+ 50. Kf2 Qxd5 51. gxf7+ Qxf7+ 52. Qf3 1-0

[Event "Turkish Club Cup 2019"]
[Site "Konya"]
[Date "2019.07.17"]
[Round "3"]
[White "Gonullu, Muhammed Sinan"]
[Black "Subasi, Cagrican"]
[Result "1/2-1/2"]
[ECO "A46"]
[WhiteElo "1823"]
[BlackElo "1871"]
[Annotator "NA"]
[PlyCount "64"]
[EventDate "2019.07.16"]
[EventType "team-tourn"]
[EventCountry "TUR"]
[SourceTitle "playchess.com"]
[Source "ChessBase"]
[SourceQuality "1"]
[TimeControl "5400+30"]

1. d4 e6 2. Nf3 Nf6 3. Bf4 c5 4. c3 Qb6 5. Qb3 Nc6 6. Qxb6 axb6 7. e3 d6 8. Nbd2 Nh5 9. Bg3 Nxg3 10. hxg3 d5 11. Ne5 Nxe5 12. dxe5 Bd7 13. e4 b5 14. Be2 g6 15. O-O Bg7 16. f4 O-O 17. Bf3 Bc6 18. exd5 exd5 19. Nb3 b6 20. Rfd1 Rfd8 21. a3 h5 22. Nc1 f6 23. exf6 Bxf6 24. Ne2 Ra7 25. Rd2 Kg7 26. Rad1 Rad7 27. g4 hxg4 28. Bxg4 Re7 29. Bf3 Rde8 30. Ng3 Bh4 31. Nf1 Bf6 32. Kf2 b4 1/2-1/2

[Event "Turkish Club Cup 2019"]
[Site "Konya"]
[Date "2019.07.17"]
[Round "3"]
[White "Saridag, Omer Melih"]
[Black "Turk, Alp"]
[Result "1-0"]
[ECO "A45"]
[WhiteElo "1820"]
[BlackElo "1222"]
[Annotator "NA"]
[PlyCount "111"]
[EventDate "2019.07.16"]
[EventType "team-tourn"]
[EventCountry "TUR"]
[SourceTitle "playchess.com"]
[Source "ChessBase"]
[SourceQuality "1"]
[TimeControl "5400+30"]

1. d4 Nf6 2. Bg5 g6 3. Bxf6 exf6 4. e3 Bg7 5. g3 O-O 6. Bg2 d5 7. Ne2 c6 8. O-O Bf5 9. Nd2 Qc8 10. c4 Bh3 11. cxd5 Bxg2 12. Kxg2 cxd5 13. Rc1 Qd7 14. Qb3 Nc6 15. Rc5 Rfd8 16. Nf4 Ne7 17. Rfc1 g5 18. Rc7 Qd6 19. Nd3 Nc6 20. Qxb7 Na5 21. Qb5 Nc4 22. Rc6 Qd7 23. Nxc4 dxc4 24. Qxc4 a5 25. Rc7 Qd5+ 26. Qxd5 Rxd5 27. Rc8+ Rxc8 28. Rxc8+ Bf8 29. Nc5 Kg7 30. Kf3 f5 31. a3 h5 32. b4 axb4 33. axb4 h4 34. gxh4 gxh4 35. b5 Bd6 36. Rd8 Kf6 37. Nb7 Ke7 38. Rxd6 Rxd6 39. Nxd6 Kxd6 40. Kf4 Kc7 41. Kxf5 Kb6 42. Kg4 h3 43. Kxh3 Kxb5 44. Kg4 Kc6 45. h4 Kd6 46. h5 Ke7 47. Kg5 Kf8 48. Kf6 Kg8 49. d5 Kf8 50. h6 Kg8 51. d6 Kh7 52. d7 Kxh6 53. d8=Q Kh5 54. Qg8 Kh4 55. Qg3+ Kh5 56. Qh3# 1-0

[Event "Turkish Club Cup 2019"]
[Site "Konya"]
[Date "2019.07.17"]
[Round "3"]
[White "Aslan, Dogukan"]
[Black "Soylemez, Baris"]
[Result "1/2-1/2"]
[ECO "E01"]
[WhiteElo "1806"]
[BlackElo "1633"]
[Annotator "NA"]
[PlyCount "50"]
[EventDate "2019.07.16"]
[EventType "team-tourn"]
[EventCountry "TUR"]
[SourceTitle "playchess.com"]
[Source "ChessBase"]
[SourceQuality "1"]
[TimeControl "5400+30"]

1. d4 Nf6 2. c4 e6 3. Nf3 d5 4. g3 c6 5. Nbd2 Bd6 6. Bg2 Nbd7 7. O-O O-O 8. Qc2 b6 9. e4 dxe4 10. Nxe4 Nxe4 11. Qxe4 Bb7 12. Rd1 Nf6 13. Qe2 Qe7 14. b3 c5 15. Bb2 Rfd8 16. dxc5 Bxc5 17. Ne5 Bxg2 18. Kxg2 Qb7+ 19. Qf3 Qxf3+ 20. Kxf3 Rac8 21. Rac1 Kf8 22. a3 Kg8 23. Rb1 Kf8 24. Rbc1 Kg8 25. Rb1 Kf8 1/2-1/2

[Event "Turkish Club Cup 2019"]
[Site "Konya"]
[Date "2019.07.17"]
[Round "3"]
[White "Gundogan, Sinem Cagla"]
[Black "Dogan, Sibel"]
[Result "1-0"]
[ECO "B26"]
[WhiteElo "1806"]
[BlackElo "1596"]
[Annotator "NA"]
[PlyCount "101"]
[EventDate "2019.07.16"]
[EventType "team-tourn"]
[EventCountry "TUR"]
[SourceTitle "playchess.com"]
[Source "ChessBase"]
[SourceQuality "1"]
[TimeControl "5400+30"]

1. e4 c5 2. Nc3 d6 3. g3 Nc6 4. Bg2 g6 5. d3 Bg7 6. Be3 e5 7. Qd2 Nge7 8. Bh6 O-O 9. h4 Kh8 10. Bxg7+ Kxg7 11. h5 Ng8 12. hxg6 fxg6 13. Nd5 Nce7 14. O-O-O b5 15. Nh3 b4 16. Kb1 a5 17. f4 Nxd5 18. exd5 Bxh3 19. Rxh3 exf4 20. gxf4 Qf6 21. Rf1 Qf5 22. Rfh1 h6 23. Rh4 Rf6 24. Bh3 Qxd5 25. Bg2 Qe6 26. Bxa8 d5 27. Qe1 Qd6 28. Qe5 Qxe5 29. fxe5 Re6 30. Bxd5 Rxe5 31. Bxg8 Kxg8 32. Rxh6 Kg7 33. Rh7+ Kf6 34. b3 g5 35. Ra7 g4 36. Rg1 Rg5 37. Rxa5 g3 38. d4 Kg6 39. Rxc5 Rg4 40. Rg2 Rxd4 41. Rxg3+ Kf6 42. Rc4 Rd1+ 43. Kb2 Ke6 44. Rxb4 Re1 45. Rd3 Re5 46. a4 Ra5 47. Rb5 Ra8 48. c4 Ke7 49. c5 Rc8 50. a5 Ke6 51. a6 1-0

[Event "Turkish Club Cup 2019"]
[Site "Konya"]
[Date "2019.07.17"]
[Round "3"]
[White "Bozyaka, Altug"]
[Black "Guder, Eyup Sabri"]
[Result "0-1"]
[ECO "D04"]
[WhiteElo "1798"]
[BlackElo "1909"]
[Annotator "NA"]
[PlyCount "66"]
[EventDate "2019.07.16"]
[EventType "team-tourn"]
[EventCountry "TUR"]
[SourceTitle "playchess.com"]
[Source "ChessBase"]
[SourceQuality "1"]
[TimeControl "5400+30"]

1. d4 d5 2. Nf3 Nf6 3. e3 Bg4 4. Nbd2 Nbd7 5. h3 Bh5 6. g4 Bg6 7. Nh4 e6 8. Nxg6 hxg6 9. Bg2 Bd6 10. c4 c6 11. c5 Bc7 12. f4 b6 13. Qa4 bxc5 14. dxc5 Nxg4 15. hxg4 Rxh1+ 16. Bxh1 Qh4+ 17. Kd1 Qxh1+ 18. Kc2 Rc8 19. b4 Qg1 20. Nb3 Qxg4 21. Qxc6 Qe2+ 22. Bd2 Qc4+ 23. Kb2 Be5+ 24. fxe5 Rxc6 25. Na5 Qd3 26. Nxc6 Qxd2+ 27. Kb3 Nxe5 28. Nxa7 Qd3+ 29. Ka4 Qa6+ 30. Kb3 Qc4+ 31. Ka4 Nd3 32. Nc6 Nxc5+ 33. Ka3 Qc3# 0-1

[Event "Turkish Club Cup 2019"]
[Site "Konya"]
[Date "2019.07.17"]
[Round "3"]
[White "Kacangar, Mehmed"]
[Black "Emir, Emirhan"]
[Result "0-1"]
[ECO "A01"]
[WhiteElo "1785"]
[BlackElo "1904"]
[Annotator "NA"]
[PlyCount "66"]
[EventDate "2019.07.16"]
[EventType "team-tourn"]
[EventCountry "TUR"]
[SourceTitle "playchess.com"]
[Source "ChessBase"]
[SourceQuality "1"]
[TimeControl "5400+30"]

1. b3 e5 2. Bb2 d6 3. e3 g6 4. d4 Nd7 5. Nf3 Bg7 6. Nbd2 Qe7 7. d5 Ngf6 8. e4 O-O 9. Qe2 a5 10. a4 c6 11. c4 Nc5 12. Rb1 cxd5 13. cxd5 Nfxe4 14. Nxe4 Nxe4 15. Qe3 Nc5 16. Bb5 f5 17. Ba3 f4 18. Qe2 Bf5 19. Rd1 Rac8 20. Nd4 Qg5 21. Nxf5 gxf5 22. O-O Ne4 23. Bb2 Nc3 24. Bxc3 Rxc3 25. f3 Rfc8 26. Bc4 Re8 27. Qf2 e4 28. fxe4 Rxe4 29. Kh1 Be5 30. Be2 Rc2 31. Rde1 Bc3 32. Qf3 Bxe1 33. Rxe1 Qe7 0-1